 Dungeon Crawl Stone Soup version 0.16-b1 (webtiles) character file.

104 dysrexia the Sneak (level 4, -2/30 HPs)
             Began as a Vampire Enchanter on Mar 3, 2015.
             Slain by an ogre
             ... wielding a +0 giant club
              (30 damage)
             ... on level 4 of the Dungeon.
             The game lasted 00:12:13 (2195 turns).

dysrexia the Sneak (Vampire Enchanter)              Turns: 2195, Time: 00:12:13

Health: -2/30      AC:  5    Str:  7    XL:     4   Next: 52%
Magic:  0/7        EV: 12    Int: 17    God:
Gold:   93         SH:  0    Dex: 15    Spells: 2 memorised, 4 levels left

rFire  . . .     SeeInvis +     a - +2 dagger
rCold  . . .     Clarity  .     b - +1 robe
rNeg   + . .     SustAb   .     (no shield)
rPois  .         Gourm    .     (no helmet)
rElec  .         Spirit   .     f - +0 cloak
rCorr  .         Warding  .     j - +0 pair of gloves
rMut   .         Stasis   .     (no boots)
MR     .....                    (no amulet)
Stlth  +++.......               (no ring)
                                (no ring)

@: not resistant to hostile enchantments, fairly stealthy
A: bottle blood, fangs 3, see invisible, unbreathing
a: Bat Form


You were on level 4 of the Dungeon.
You were not thirsty.

You visited 1 branch of the dungeon, and saw 4 of its levels.

You collected 93 gold pieces.

Inventory:

Hand weapons
 a - a +2 dagger (weapon)
 o - a +0 blowgun
Missiles
 p - 16 poisoned needles
Armour
 b - a +1 robe (worn)
 f - a +0 cloak (worn)
 j - a +0 pair of gloves (worn)
Magical devices
 g - a wand of frost (27)
Scrolls
 d - 5 scrolls of identify
 k - 2 scrolls of remove curse
Potions
 e - a potion of curing
 h - a potion of flight {unknown}
 i - a potion of haste {unknown}
 l - a potion of agility {unknown}
 m - 2 potions of blood
 n - a potion of lignification {unknown}
Books
 c - a book of Maledictions

   Spells                             Type                      Level
   a - Corona                         Hexes                        1
   b - Sure Blade                     Hexes/Charms                 2
   c - Ensorcelled Hibernation        Hexes/Ice                    2
   d - Confuse                        Hexes                        3
   e - Dazzling Spray                 Conjuration/Hexes            3
   f - Enslavement                    Hexes                        4


   Skills:
 * Level 3.1 Short Blades
 - Level 2.1 Dodging
 + Level 5.4 Stealth
 - Level 2.0 Spellcasting
 - Level 5.4 Hexes
 - Level 1.3 Ice Magic


You had 4 spell levels left.
You knew the following spells:

 Your Spells              Type           Power        Failure   Level  Hunger
a - Corona                Hex            ###....      2%          1    #......
b - Ensorcelled Hibernat  Hex/Ice        ##....       10%         2    ###....


Dungeon Overview and Level Annotations

Branches:
Dungeon (4/15)
 Temple: D:4-7

Altars:
Kikubaaqudgha
Makhleb
Ru
Zin


Innate Abilities, Weirdness & Mutations

You can bottle blood from corpses.
You have razor-sharp teeth.
You have supernaturally acute eyesight.
You can survive without breathing.


Message History

Aim: an ogre, wielding a giant club (chance 44%)
The ogre resists with some effort.
The ogre hits you with a giant club.
You hit the ogre.
The ogre is lightly wounded.
The ogre closely misses you.
Casting: Ensorcelled Hibernation
Confirm with . or Enter, or press ? or * to list all spells.
You don't have enough magic to cast that spell.
Unknown command.
Casting: Ensorcelled Hibernation
Confirm with . or Enter, or press ? or * to list all spells.
Aiming: Corona
Press: ? - help, Shift-Dir - straight line, f/p - ogre
Aim: an ogre, wielding a giant club (lightly wounded, chance 59%)
The ogre is outlined in light.
You completely miss the ogre.
The ogre is lightly wounded.
The ogre hits you with a giant club!!
Ouch! That really hurt!
You die...

#.....#
#.....##
##......##
#........##
#..<......#
#...###....#
#..## . ##..#
#.@## ##O.#
#...#
#...........#
.............#
####..........#
#....####...
#..%## #. #..#


You could see an ogre.

Vanquished Creatures
  2 adders (D:3)
  3 giant geckos
  An ooze (D:2)
  7 orcs
  2 giant cockroaches
  7 hobgoblins
  10 jackals
  A quokka (D:2)
  3 ball pythons
  7 bats
  6 giant newts
  7 goblins
  10 kobolds
  6 rats
72 creatures vanquished.

Notes
Turn   | Place    | Note
--------------------------------------------------------------
     0 | D:1      | dysrexia, the Vampire Enchanter, began the quest for the Orb.
     0 | D:1      | Reached XP level 1. HP: 13/13 MP: 3/3
   259 | D:1      | Reached XP level 2. HP: 19/19 MP: 4/4
   578 | D:1      | Reached skill level 5 in Stealth
   735 | D:1      | Reached XP level 3. HP: 20/24 MP: 6/6
   899 | D:2      | Learned a level 2 spell: Ensorcelled Hibernation
  1393 | D:3      | Found a burning altar of Makhleb.
  1396 | D:3      | Found an ancient bone altar of Kikubaaqudgha.
  1397 | D:3      | Found a glowing silver altar of Zin.
  1546 | D:3      | Found a sacrificial altar of Ru.
  1551 | D:3      | Reached XP level 4. HP: 30/30 MP: 7/7
  1553 | D:3      | Reached skill level 5 in Hexes
  1553 | D:3      | Reached skill level 1 in Ice Magic
  2181 | D:4      | Noticed an ogre
  2195 | D:4      | Slain by an ogre

Action                   |  1- 3 |  4- 6 || total
-------------------------+-------+-------++-------
Melee: Dagger            |   173 |    41 ||   214
 Cast: Corona            |    20 |     2 ||    22
       Ensorcelled Hiber |       |     5 ||     5
  Use: Potion            |     7 |       ||     7
       Scroll            |     3 |     1 ||     4
 Stab: Sleeping          |     8 |     9 ||    17
